[Event "Titled Tuesday Blitz June 13 Early 2023"]
[White "Miladinovic, Igor"]
[Black "Bacrot, Etienne"]
[WhiteFideId "4203380"]
[BlackFideId "605506"]
[WhiteElo "2568"]
[BlackElo "2672"]
[Result "1/2-1/2"]
[Round "10"]
[TimeControl "180+2"]
[Date "2023.06.13"]
[WhiteClock "0:00:11"]
[BlackClock "0:00:13"]
[Board "19"]

1. d4 g6 2. e4 Bg7 3. Nc3 d6 4. Be3 Nf6 5. f3 a6 6. Qd2 h6 7. g4 b5 8. h4 Bb7 9. Nh3 e6 10. a4 b4 11. Ne2 a5 12. Ng3 Nbd7 13. O-O-O Qe7 14. g5 hxg5 15. hxg5 Nh5 16. Nxh5 Rxh5 17. Bb5 c6 18. Be2 O-O-O 19. Nf4 Rxh1 20. Rxh1 e5 21. Nh3 exd4 22. Bxd4 Bxd4 23. Qxd4 d5 24. Qa7 Qc5 25. Qxc5 Nxc5 26. exd5 cxd5 27. Nf4 Nxa4 28. Rh7 Rf8 29. Nd3 Ba6 30. Nf4 Bxe2 31. Nxe2 Kd7 32. Nd4 Kd6 33. f4 Nc5 34. f5 Ke5 35. fxg6 Kxd4 36. gxf7 Ne6 37. g6 Ke5 38. g7 Nxg7 39. Rxg7 Kf6 40. Rg8 Kxf7 41. Rg5 Ke6 42. Rg6+ Rf6 43. Rg8 Rf1+ 44. Kd2 Ra1 45. b3 Ke5 46. Rg5+ Kd4 47. Rg4+ Kc5 48. Rg8 Rh1 49. Ra8 Kb6 50. Rd8 Kc6 51. Ra8 Kb6 52. Rd8 Rh5 53. Kd3 Rh3+ 54. Kd2 Rh5 55. Kd3 Kc7 56. Ra8 Rh3+ 57. Kd4 Kb6 58. Rc8 Rh5 59. Kd3 Rh3+ 60. Kd4 Rh5 61. Kd3 Rh6 62. Kd4 Rc6 63. Rb8+ Kc7 64. Ra8 Kb6 65. Rb8+ Ka7 66. Rb5 Ka6 67. Rxd5 Rxc2 68. Rd6+ Kb5 69. Rd5+ Kb6 70. Rh5 Rc3 71. Rh6+ Kb5 72. Rh5+ Kb6 73. Rh6+ Rc6 74. Rh5 Rd6+ 75. Kc4 Rc6+ 76. Kd4 Rg6 77. Rf5 Rg3 78. Rf6+ Kc7 79. Rf7+ Kc6 80. Rf6+ Kd7 81. Rf5 Rxb3 82. Rxa5 Ra3 83. Rxa3 bxa3 84. Kc3 a2 85. Kb2 a1=Q+ 86. Kxa1 1/2-1/2


[Site "https://www.chess.com"]

[Event "Titled Tuesday Blitz June 13 Early 2023"]
[White "Gorovets, Andrey"]
[Black "Weetik, Vjacheslav"]
[WhiteFideId "13504037"]
[BlackFideId "4153472"]
[WhiteElo "2459"]
[BlackElo "2469"]
[Result "1-0"]
[Round "10"]
[TimeControl "180+2"]
[Date "2023.06.13"]
[WhiteClock "0:00:19"]
[BlackClock "0:00:00"]
[Board "20"]

1. c4 g6 2. g3 c6 3. Nf3 d5 4. Qb3 Bg7 5. d4 Nf6 6. Bg2 O-O 7. O-O Qb6 8. Nc3 Rd8 9. Rd1 Be6 10. c5 Qa6 11. Ng5 Bc8 12. Re1 b6 13. e4 e6 14. e5 Ne8 15. f4 Nd7 16. Na4 Rb8 17. Qc2 bxc5 18. Nxc5 Nxc5 19. dxc5 Nc7 20. Bd2 Bd7 21. Bf1 Qb7 22. b4 Be8 23. Nf3 d4 24. Re4 Nd5 25. a3 a5 26. Rxd4 axb4 27. axb4 f6 28. Re1 g5 29. fxg5 Bg6 30. Bd3 Bxd3 31. Qxd3 fxe5 32. Rh4 Bh8 33. Qe4 Nxb4 34. Bxb4 Rf8 35. Bc3 Rf5 36. Bxe5 Rbf8 37. Rf4 Bxe5 38. Nxe5 1-0


[Site "https://www.chess.com"]

[Event "Titled Tuesday Blitz June 13 Early 2023"]
[White "Maximov, Dmitry"]
[Black "Xu, Yi"]
[WhiteFideId "14105659"]
[BlackFideId "8605564"]
[WhiteElo "2494"]
[BlackElo "2460"]
[Result "0-1"]
[Round "10"]
[TimeControl "180+2"]
[Date "2023.06.13"]
[WhiteClock "0:00:00"]
[BlackClock "0:00:02"]
[Board "21"]

1. e4 c5 2. Nf3 d6 3. c3 Nf6 4. Bc4 e6 5. d3 Be7 6. Bb3 O-O 7. O-O Nc6 8. Re1 e5 9. h3 h6 10. Nbd2 a6 11. Nf1 b5 12. Ng3 Be6 13. Bc2 Re8 14. Nh2 Bf8 15. Qf3 d5 16. Nf5 d4 17. Ng4 Nxg4 18. hxg4 f6 19. Bd2 Qd7 20. g3 c4 21. Rad1 cxd3 22. Bxd3 Bxa2 23. Kg2 Bb3 24. Rc1 Be6 25. Rh1 dxc3 26. Rxc3 Nd4 27. Qe3 Rac8 28. Bb1 Rxc3 29. Bxc3 b4 30. Bxd4 exd4 31. Qe2 a5 32. Bd3 Rd8 33. Rc1 a4 34. Bb5 Qa7 35. Bc4 Bxc4 36. Qxc4+ Kh7 37. f4 a3 38. bxa3 bxa3 39. g5 fxg5 40. fxg5 Qb7 41. Kf3 Re8 42. Re1 a2 43. Qxa2 Bb4 44. Re2 d3 45. g6+ Kxg6 46. Re3 d2 47. Qa4 Kh7 48. g4 Re5 49. Kf4 Re6 50. Kf3 Re8 51. g5 Rd8 52. g6+ Kxg6 53. Qd1 Kh7 54. Kg2 Qf7 55. Rg3 g5 56. Rf3 Qe6 57. Ng3 Re8 58. Rf5 Qe7 59. Qh5 Rf8 60. Rd5 Rd8 61. Nf5 Qe8 0-1


[Site "https://www.chess.com"]

[Event "Titled Tuesday Blitz June 13 Early 2023"]
[White "Chigaev, Maksim"]
[Black "Haug, Havard"]
[WhiteFideId "4108116"]
[BlackFideId "1547887"]
[WhiteElo "2561"]
[BlackElo "2396"]
[Result "1-0"]
[Round "10"]
[TimeControl "180+2"]
[Date "2023.06.13"]
[WhiteClock "0:01:15"]
[BlackClock "0:00:37"]
[Board "22"]

1. e4 c6 2. Nf3 d5 3. d3 dxe4 4. dxe4 Qxd1+ 5. Kxd1 Bg4 6. Be2 Bxf3 7. Bxf3 Nd7 8. Nd2 O-O-O 9. Be2 e5 10. c3 f6 11. Kc2 Kc7 12. a4 Ne7 13. a5 Nc8 14. Nc4 a6 15. Rd1 Be7 16. Be3 Nd6 17. Nxd6 Bxd6 18. Bg4 h5 19. Bf5 g6 20. Bxg6 Rhg8 21. Bxh5 Rxg2 22. h3 Nc5 23. Rxd6 Rxd6 24. Bxc5 Rd8 25. Bb6+ Kc8 26. Bg4+ Rxg4 27. hxg4 Rh8 28. Rd1 f5 29. gxf5 c5 30. c4 Re8 31. f6 Kb8 32. f7 Rc8 33. Rd7 Ka8 34. Re7 Kb8 35. Re8 Rxe8 36. fxe8=Q# 1-0


[Site "https://www.chess.com"]

[Event "Titled Tuesday Blitz June 13 Early 2023"]
[White "Safin, Robert"]
[Black "Yeletsky, Ivan"]
[WhiteFideId "34189120"]
[BlackFideId "24180327"]
[WhiteElo "2341"]
[BlackElo "2380"]
[Result "0-1"]
[Round "10"]
[TimeControl "180+2"]
[Date "2023.06.13"]
[WhiteClock "0:00:00"]
[BlackClock "0:00:10"]
[Board "23"]

1. e4 e5 2. Nf3 Nf6 3. d4 Nxe4 4. Bd3 d5 5. Nxe5 Nd7 6. Nxd7 Bxd7 7. O-O Qf6 8. c3 O-O-O 9. Nd2 Bd6 10. Bxe4 dxe4 11. Nxe4 Bxh2+ 12. Kxh2 Qh4+ 13. Kg1 Qxe4 14. Re1 Qg6 15. Qf3 Bc6 16. Qg3 Qxg3 17. fxg3 h5 18. Kf2 Rd6 19. Re5 Rf6+ 20. Bf4 h4 21. Rg5 g6 22. d5 Bd7 23. Re1 h3 24. gxh3 Rxh3 25. Kg2 Ra6 26. Re7 Rh7 27. a3 Rb6 28. Bc1 Kd8 29. Re1 Bh3+ 30. Kf2 Bf5 31. g4 f6 32. gxf5 fxg5 33. Bxg5+ Kd7 34. fxg6 Rxb2+ 35. Kf3 Rg7 36. Re6 Rb6 37. Bh6 Rxg6 0-1


[Site "https://www.chess.com"]

[Event "Titled Tuesday Blitz June 13 Early 2023"]
[White "Zhigalko, Sergei"]
[Black "Zochowski, Kacper"]
[WhiteFideId "13502956"]
[BlackFideId "1125494"]
[WhiteElo "2626"]
[BlackElo "2235"]
[Result "1-0"]
[Round "10"]
[TimeControl "180+2"]
[Date "2023.06.13"]
[WhiteClock "0:00:06"]
[BlackClock "0:00:00"]
[Board "24"]

1. e4 d6 2. d4 Nf6 3. Nc3 e5 4. Nf3 Nbd7 5. Bc4 Be7 6. O-O O-O 7. Re1 c6 8. a4 Qc7 9. Ba2 b6 10. h3 a6 11. Be3 h6 12. Nh4 exd4 13. Bxd4 Nc5 14. Qf3 Ne6 15. Be3 Ng5 16. Qe2 Ngxe4 17. Nxe4 Nxe4 18. Ng6 Re8 19. Bxb6 Qxb6 20. Qxe4 Ra7 21. a5 Qxb2 22. Qxc6 Bd7 23. Nxe7+ Rxe7 24. Qxd6 Be6 25. Qd8+ Kh7 26. Qd3+ g6 27. Bxe6 Rxe6 28. Rab1 Qf6 29. Rxe6 Qxe6 30. Qd4 Rd7 31. Qc3 Re7 32. Rb6 Qe1+ 33. Qxe1 Rxe1+ 34. Kh2 Re2 35. Rxa6 Rxc2 36. f3 h5 37. h4 Kg7 38. Kg3 Ra2 39. Ra8 Rb2 40. Ra7 Ra2 41. Ra8 Ra4 42. a6 Ra3 43. Kf2 Ra4 44. Kg3 Kf6 45. a7 Kf5 46. Kf2 Ra3 47. g3 f6 48. Ke2 Ra2+ 49. Ke3 Ra3+ 50. Kd2 Ra2+ 51. Kd3 Ra4 52. g4+ hxg4 53. fxg4+ Kxg4 54. h5 gxh5 55. Rg8+ Kf3 56. a8=Q+ Rxa8 57. Rxa8 h4 58. Rh8 Kg3 59. Ke3 h3 60. Rg8+ Kh2 61. Kf2 f5 62. Rh8 f4 63. Rh7 f3 64. Rh6 1-0


[Site "https://www.chess.com"]

[Event "Titled Tuesday Blitz June 13 Early 2023"]
[White "Tari, Aryan"]
[Black "Vlassov, Nikolai"]
[WhiteFideId "1510045"]
[BlackFideId "4103360"]
[WhiteElo "2586"]
[BlackElo "2324"]
[Result "0-1"]
[Round "10"]
[TimeControl "180+2"]
[Date "2023.06.13"]
[WhiteClock "0:00:00"]
[BlackClock "0:00:02"]
[Board "25"]

1. c4 e5 2. Nc3 Nf6 3. Nf3 e4 4. Ng5 c6 5. Qa4 b5 6. cxb5 d5 7. bxc6 Qb6 8. e3 Nxc6 9. Nh3 Bd6 10. Qb5 Qxb5 11. Bxb5 Bd7 12. O-O O-O 13. f3 exf3 14. Rxf3 Ne5 15. Rf1 Bxh3 16. gxh3 Rab8 17. Be2 d4 18. exd4 Nc6 19. Nb5 Bb4 20. Bf3 Rfc8 21. Bxc6 Rxc6 22. Nc3 Rd6 23. d3 Rxd4 24. Be3 Rxd3 25. Bxa7 Ra8 26. Bb6 Rxh3 27. Bd4 Ng4 28. Nd5 Bd6 29. Kg2 Rxh2+ 30. Kf3 Ne5+ 31. Ke3 Nc4+ 32. Kd3 Nxb2+ 33. Bxb2 Rxb2 34. a4 f6 35. a5 Kf7 36. Nb6 Ra6 37. Nc4 Rb3+ 38. Kd4 Rb4 39. Kd5 Be7 40. Ne5+ Ke8 41. Nc6 Rb5+ 42. Kc4 Rc5+ 43. Kd4 Rcxc6 44. Rfb1 Rd6+ 45. Kc4 Kf7 46. Kb5 Ra8 47. a6 Rdxa6 48. Rxa6 Rxa6 49. Kxa6 f5 50. Kb5 g5 51. Kc4 h5 52. Kd3 h4 53. Ke3 g4 54. Kf4 Kg6 55. Rb6+ Bf6 56. Rb8 h3 57. Rg8+ Bg7 58. Ra8 h2 59. Ra6+ Bf6 0-1


[Site "https://www.chess.com"]

[Event "Titled Tuesday Blitz June 13 Early 2023"]
[White "Ivanchuk, Vasyl"]
[Black "Miranda, Rafael"]
[WhiteFideId "14100010"]
[BlackFideId "130990"]
[WhiteElo "2710"]
[BlackElo "2204"]
[Result "1-0"]
[Round "10"]
[TimeControl "180+2"]
[Date "2023.06.13"]
[WhiteClock "0:01:49"]
[BlackClock "0:00:13"]
[Board "26"]

1. c4 c5 2. Nc3 Nc6 3. Nf3 g6 4. e3 Nf6 5. d4 cxd4 6. exd4 d5 7. Be2 Bg7 8. O-O O-O 9. Bf4 b6 10. Ne5 Bb7 11. Bf3 Rc8 12. Nxd5 Nxd5 13. Bxd5 e6 14. Bxc6 Bxc6 15. b3 Bb7 16. Re1 Re8 17. Rc1 Qe7 18. Rc2 Rcd8 19. Rd2 Ba8 20. f3 Qa3 21. Ng4 Rd7 22. Bg5 Kh8 23. Nf6 Qa5 24. Re5 1-0


[Site "https://www.chess.com"]

[Event "Titled Tuesday Blitz June 13 Early 2023"]
[White "Timofeev, Artyom"]
[Black "Ibadov, Dashgyn"]
[WhiteFideId "4140419"]
[BlackFideId "24107514"]
[WhiteElo "2570"]
[BlackElo "2208"]
[Result "1-0"]
[Round "10"]
[TimeControl "180+2"]
[Date "2023.06.13"]
[WhiteClock "0:00:51"]
[BlackClock "0:00:00"]
[Board "27"]

1. c4 Nf6 2. Nc3 c5 3. Nf3 e6 4. e4 d6 5. d4 cxd4 6. Nxd4 a6 7. g3 b6 8. Bg2 Bb7 9. O-O Qc7 10. b3 Be7 11. Be3 Nbd7 12. Rc1 O-O 13. h3 Rac8 14. Re1 Qb8 15. g4 Nc5 16. f3 Rfe8 17. Bf2 Bf8 18. h4 d5 19. e5 Nfd7 20. f4 dxc4 21. bxc4 Bxg2 22. Kxg2 Qb7+ 23. Kh2 Red8 24. Qe2 Nb8 25. Rcd1 Nc6 26. Nb3 Nxb3 27. axb3 Na5 28. Ne4 Nxb3 29. Rxd8 Rxd8 30. Qb2 Rd3 31. f5 exf5 32. gxf5 Qc7 33. Bg3 Qxc4 34. e6 fxe6 35. fxe6 Be7 36. Qe5 Qc2+ 37. Kh3 Rd8 38. Rf1 Qe2 39. Rf7 1-0


[Site "https://www.chess.com"]

[Event "Titled Tuesday Blitz June 13 Early 2023"]
[White "ArtemDyachuk"]
[Black "Ilamparthi A R"]
[BlackFideId "45015775"]
[WhiteElo "2634"]
[BlackElo "2348"]
[Result "0-1"]
[Round "10"]
[TimeControl "180+2"]
[Date "2023.06.13"]
[WhiteClock "0:00:18"]
[BlackClock "0:00:51"]
[Board "28"]

1. Nf3 d5 2. e3 g6 3. c4 c6 4. Nc3 Bg7 5. Qb3 Nf6 6. cxd5 cxd5 7. Bb5+ Nc6 8. Ne5 O-O 9. Nxc6 bxc6 10. Bxc6 Ba6 11. Bxa8 Qxa8 12. Qa4 Bd3 13. Qd4 Bc4 14. Qc5 Rc8 15. Qa3 d4 16. d3 Qxg2 17. Rf1 Bxd3 18. Ne2 Bxe2 19. Kxe2 Rc2+ 20. Kd1 Rxc1+ 21. Rxc1 Qxf1+ 22. Kc2 Qxf2+ 23. Kb1 dxe3 24. Qxe7 h5 25. Qxa7 Ne4 26. Qb7 e2 27. Qa8+ Kh7 28. Qa5 e1=Q 0-1


[Site "https://www.chess.com"]

[Event "Titled Tuesday Blitz June 13 Early 2023"]
[White "Stribuk, Artiom"]
[Black "Nagare Kaivalya Sandip"]
[WhiteFideId "13515659"]
[BlackFideId "25957929"]
[WhiteElo "2303"]
[BlackElo "2024"]
[Result "1-0"]
[Round "10"]
[TimeControl "180+2"]
[Date "2023.06.13"]
[WhiteClock "0:00:27"]
[BlackClock "0:00:08"]
[Board "29"]

1. d4 Nf6 2. c4 e6 3. g3 Bb4+ 4. Bd2 Qe7 5. Bg2 Nc6 6. e3 O-O 7. Ne2 d5 8. O-O dxc4 9. a3 Bd6 10. f4 Qd8 11. Qc2 Rb8 12. Qxc4 Nd5 13. e4 Nb6 14. Qd3 e5 15. d5 Bg4 16. Nbc3 Na5 17. h3 Bd7 18. f5 f6 19. Rad1 Nb3 20. Be3 a5 21. g4 Nc5 22. Qc2 Nc4 23. Bf2 a4 24. Ng3 b5 25. Na2 Nb3 26. Ne2 Qe7 27. Kh2 Bc5 28. Rd3 Bxf2 29. Rxf2 Qc5 30. Nec3 Nd4 31. Qd1 g5 32. fxg6 hxg6 33. Qf1 Qe7 34. Nb4 f5 35. gxf5 gxf5 36. Rg3+ Kh7 37. exf5 Bxf5 38. Ne4 Rb6 39. Nc6 Nxc6 40. dxc6 1-0


[Site "https://www.chess.com"]

[Event "Titled Tuesday Blitz June 13 Early 2023"]
[White "Kvaloy, Aksel Bu"]
[Black "Vakhlamov, Igor L."]
[WhiteFideId "1528815"]
[BlackFideId "24126748"]
[WhiteElo "2318"]
[BlackElo "2407"]
[Result "1-0"]
[Round "10"]
[TimeControl "180+2"]
[Date "2023.06.13"]
[WhiteClock "0:01:40"]
[BlackClock "0:00:12"]
[Board "30"]

1. e4 c5 2. Nf3 e6 3. d4 cxd4 4. Nxd4 Nf6 5. Nc3 Nc6 6. Ndb5 Bc5 7. Bf4 O-O 8. Bc7 Qe7 9. Bd6 Bxd6 10. Qxd6 Qd8 11. Nc7 Rb8 12. e5 Ne8 13. Nxe8 Rxe8 14. Bb5 Qe7 15. Ne4 Qxd6 16. Nxd6 Rd8 17. f4 Ne7 18. O-O-O Nd5 19. g3 a6 20. Be2 b5 21. Bf3 Ne7 22. b4 f6 23. Be4 h6 24. h4 Kf8 25. Kb2 Rb6 26. g4 a5 27. a3 a4 28. g5 f5 29. Bg2 Ba6 30. gxh6 gxh6 31. h5 Nc8 32. Nxc8 Bxc8 33. Bf3 d5 34. Rhg1 Bd7 35. Rg6 Rc8 36. Rdg1 Rbc6 37. Rg8+ Ke7 38. R1g7# 1-0


[Site "https://www.chess.com"]

[Event "Titled Tuesday Blitz June 13 Early 2023"]
[White "Ahmad, Khagan"]
[Black "Atakhan, Abtin"]
[WhiteFideId "13431552"]
[BlackFideId "22502203"]
[WhiteElo "2209"]
[BlackElo "2008"]
[Result "1-0"]
[Round "10"]
[TimeControl "180+2"]
[Date "2023.06.13"]
[WhiteClock "0:00:23"]
[BlackClock "0:00:01"]
[Board "31"]

1. d4 Nf6 2. c4 g6 3. Bg5 Bg7 4. Nc3 d5 5. e3 c5 6. Bxf6 Bxf6 7. Nxd5 Bg7 8. Nf3 Nc6 9. dxc5 Bxb2 10. Rb1 Bg7 11. Be2 e6 12. O-O O-O 13. Nb4 Qc7 14. Qd6 Qxd6 15. cxd6 Nxb4 16. Rxb4 b6 17. Nd4 Rd8 18. Bf3 Bd7 19. Bxa8 Rxa8 20. Nb5 Bf8 21. Rd1 Kg7 22. h4 h5 23. a4 Kf6 24. c5 bxc5 25. Rc4 a6 26. Nc7 Ra7 27. Rxc5 e5 28. a5 Bg7 29. Rdd5 Kf5 30. f4 f6 31. Kf2 Rb7 32. Kf3 Rb2 33. e4# 1-0


[Site "https://www.chess.com"]

[Event "Titled Tuesday Blitz June 13 Early 2023"]
[White "Priasmoro, Novendra"]
[Black "Skawinski, Arkadiusz"]
[WhiteFideId "7105029"]
[BlackFideId "1126415"]
[WhiteElo "2412"]
[BlackElo "2218"]
[Result "0-1"]
[Round "10"]
[TimeControl "180+2"]
[Date "2023.06.13"]
[WhiteClock "0:00:02"]
[BlackClock "0:00:53"]
[Board "32"]

1. e4 e6 2. d4 d5 3. Nc3 Bb4 4. e5 c5 5. a3 Bxc3+ 6. bxc3 Qa5 7. Bd2 Qa4 8. Qg4 Kf8 9. Ra2 Nc6 10. Nf3 Nge7 11. h4 h6 12. h5 c4 13. Nh4 Bd7 14. Qd1 Ke8 15. g4 Kd8 16. f4 Kc7 17. Bh3 Raf8 18. O-O g6 19. Kh2 gxh5 20. gxh5 Nf5 21. Nxf5 exf5 22. Be1 Be6 23. Bh4 Rhg8 24. Rg1 Qa5 25. Qd2 Rxg1 26. Kxg1 Rg8+ 27. Kh2 Qb5 28. Ra1 Qa4 29. Bf6 b6 30. Rg1 Rxg1 31. Kxg1 Qxa3 32. Bg7 Qe7 33. Qf2 a5 34. Bxh6 a4 35. Bg5 Qf8 36. h6 a3 37. Qe1 Ne7 38. Qa1 Ng6 39. Kf2 Qa8 40. Ke3 Qa4 41. Kd2 a2 42. h7 Qa3 43. Bf6 b5 44. h8=Q Nxh8 45. Bxh8 b4 46. cxb4 c3+ 47. Kd3 Qb2 48. Qg1 a1=Q 49. Qxa1 Qxa1 0-1


[Site "https://www.chess.com"]

[Event "Titled Tuesday Blitz June 13 Early 2023"]
[White "Hajiyev, Kanan"]
[Black "Djordjevic, Vuk"]
[WhiteFideId "13404148"]
[BlackFideId "902098"]
[WhiteElo "2115"]
[BlackElo "2463"]
[Result "1/2-1/2"]
[Round "10"]
[TimeControl "180+2"]
[Date "2023.06.13"]
[WhiteClock "0:00:17"]
[BlackClock "0:00:05"]
[Board "33"]

1. d4 Nf6 2. Nf3 e6 3. c4 b6 4. g3 Ba6 5. Qc2 Bb7 6. Bg2 Be7 7. O-O O-O 8. Rd1 d5 9. cxd5 exd5 10. Nc3 Re8 11. Bg5 Nbd7 12. Rac1 a6 13. Qf5 h6 14. Bxf6 Nxf6 15. Ne5 Bd6 16. a4 Qe7 17. Nd3 Rad8 18. e3 c6 19. Qf3 Bc8 20. h3 h5 21. a5 bxa5 22. Na4 Qb7 23. Nac5 Qb6 24. Rd2 Ne4 25. Rdc2 g6 26. Qd1 Nxg3 27. fxg3 Rxe3 28. Ne5 Bxe5 29. dxe5 Rxe5 30. Qd4 Rde8 31. Rf1 Qb4 32. Qf2 Bf5 33. g4 hxg4 34. hxg4 Qxg4 35. Rd2 Re2 36. Rxe2 Rxe2 37. Qf3 Qxf3 38. Bxf3 Rxb2 39. Nxa6 a4 40. Ra1 Bc2 41. Nc5 Rb5 42. Nxa4 Ra5 43. Ra2 Bxa4 44. Bd1 c5 45. Bxa4 Kg7 46. Kf2 c4 47. Ke3 Ra7 48. Kd4 Ra5 49. Bb3 Rxa2 50. Bxa2 g5 51. Kxd5 c3 52. Bb3 g4 53. Ke4 f5+ 54. Kf4 Kf6 55. Bc2 Ke7 56. Bxf5 Kf6 57. Bc2 Ke6 58. Kxg4 Ke5 59. Kf3 Kd4 60. Ke2 Kc5 61. Ke3 Kb6 62. Kd4 Kc7 63. Kc4 Kd8 64. Kc5 Kc7 65. Kd5 Kd7 66. Kc5 Ke7 67. Kd4 Kf6 68. Kxc3 1/2-1/2


[Site "https://www.chess.com"]

[Event "Titled Tuesday Blitz June 13 Early 2023"]
[White "Arat, Ufuk Sezen"]
[Black "Srihari L R"]
[WhiteFideId "6309089"]
[BlackFideId "46617116"]
[WhiteElo "2289"]
[BlackElo "2334"]
[Result "1-0"]
[Round "10"]
[TimeControl "180+2"]
[Date "2023.06.13"]
[WhiteClock "0:00:30"]
[BlackClock "0:00:01"]
[Board "34"]

1. e4 c6 2. d4 d5 3. e5 Bf5 4. h4 h5 5. Bd3 Bxd3 6. Qxd3 Qa5+ 7. Nd2 e6 8. Nf3 Nh6 9. c4 Qa6 10. b3 Nf5 11. a4 c5 12. Ba3 Nc6 13. dxc5 Rd8 14. Qc2 Qa5 15. O-O Bxc5 16. cxd5 Rxd5 17. Nc4 Qc7 18. Rfd1 Bxa3 19. Rxd5 exd5 20. Nxa3 g6 21. Nb5 Qd7 22. Qc5 b6 23. Qxd5 Qxd5 24. Nc7+ Ke7 25. Nxd5+ Ke6 26. Nf4+ Ke7 27. Re1 Ncd4 28. Nxd4 Nxd4 29. Rc1 Rd8 30. b4 Rd7 31. a5 bxa5 32. bxa5 Nb3 33. Re1 Nxa5 34. e6 Rd4 35. exf7+ Kxf7 36. g3 Nc6 37. Rc1 Rd6 38. Nh3 a5 39. Ng5+ Ke7 40. Ne4 Re6 41. Nc5 Rd6 42. Re1+ Kf7 43. f3 Nd4 44. Kg2 Rc6 45. Re5 Nf5 46. Kh3 Rd6 47. Ne4 Ra6 48. g4 hxg4+ 49. fxg4 Nd4 50. Rd5 Ne6 51. Kg3 a4 52. Nc3 a3 53. Rd2 Nc5 54. Ra2 Ke6 55. Nb1 Ne4+ 56. Kf4 Nf6 57. Rxa3 Rxa3 58. Nxa3 Kf7 59. Nc4 Kg7 60. Ne5 Ng8 61. Kg5 Ne7 62. Nd3 Nd5 63. Nf2 Nf6 64. Kf4 Nh7 65. Ne4 Nf8 66. Ke5 Nd7+ 67. Ke6 Nb6 68. Nd2 Nc4 69. Nxc4 1-0


[Site "https://www.chess.com"]

[Event "Titled Tuesday Blitz June 13 Early 2023"]
[White "Ashraf, Artin"]
[Black "Parpiev, Isaak"]
[WhiteFideId "22514805"]
[BlackFideId "34281576"]
[WhiteElo "2224"]
[BlackElo "2167"]
[Result "0-1"]
[Round "10"]
[TimeControl "180+2"]
[Date "2023.06.13"]
[WhiteClock "0:00:00"]
[BlackClock "0:00:30"]
[Board "35"]

1. g3 Nf6 2. Bg2 g6 3. c4 Bg7 4. Nc3 O-O 5. d3 d6 6. Rb1 c6 7. Nf3 a5 8. O-O e5 9. a3 Re8 10. Ne1 Na6 11. b4 axb4 12. axb4 d5 13. cxd5 cxd5 14. Bg5 Nc7 15. b5 b6 16. Nc2 h6 17. Bxf6 Bxf6 18. Nb4 e4 19. Qc1 exd3 20. exd3 Bb7 21. Qc2 Bxc3 22. Qxc3 Nxb5 23. Qd2 h5 24. Nxd5 Nd4 25. Nf6+ Qxf6 26. Bxb7 Rab8 27. Bg2 h4 28. Rfe1 h3 29. Bd5 Nf3+ 30. Bxf3 Qxf3 0-1


[Site "https://www.chess.com"]

[Event "Titled Tuesday Blitz June 13 Early 2023"]
[White "Herzog2012"]
[Black "Itgelt, Khuyagtsogt"]
[BlackFideId "4902912"]
[WhiteElo "2441"]
[BlackElo "2227"]
[Result "1/2-1/2"]
[Round "10"]
[TimeControl "180+2"]
[Date "2023.06.13"]
[WhiteClock "0:00:19"]
[BlackClock "0:00:12"]
[Board "36"]

1. e4 d6 2. d4 Nf6 3. Nc3 e6 4. g3 c6 5. Bg2 d5 6. Nge2 Be7 7. O-O b6 8. Bf4 Bb7 9. Re1 O-O 10. Qd3 Na6 11. a3 c5 12. exd5 Nxd5 13. Nxd5 exd5 14. Nc3 Bf6 15. Be5 Nc7 16. dxc5 bxc5 17. Bxc7 Qxc7 18. Nxd5 Bxd5 19. Bxd5 Rab8 20. c4 Rxb2 21. Rab1 Qb8 22. Qf5 g6 23. Qd3 Bd4 24. Rxb2 Qxb2 25. Re2 Qb6 26. Kg2 Kg7 27. Qf3 Bf6 28. h4 h5 29. Re3 Qb2 30. Rb3 Qd4 31. Rb7 a5 32. Qe2 Be5 33. Qf3 Bf6 34. Ra7 Qc3 35. Qxc3 Bxc3 36. Kf3 Kf6 37. Ke4 Re8+ 38. Kd3 Bd4 39. Rxf7+ Ke5 40. f4+ Kd6 41. Ra7 Re3+ 42. Kd2 Rxa3 43. Ra6+ Kc7 44. Rxg6 Bf2 45. Rg7+ Kd6 46. Rg6+ Kd7 47. f5 Rxg3 48. Rxg3 Bxg3 49. Bf7 Bxh4 50. Bxh5 Kd6 51. Kd3 Ke5 52. Be8 Kxf5 53. Ba4 Ke5 54. Bb5 Bg5 55. Kc2 Kd4 56. Kb3 Bd2 57. Ba4 Bb4 58. Bb5 Kd3 59. Ba4 Kd2 60. Bb5 Kc1 61. Ba4 Kb1 62. Bb5 Kc1 63. Ba4 Kd2 64. Bb5 Kd3 65. Ba4 Kd4 66. Bb5 Bd2 67. Ba4 Bc3 68. Bb5 Bb4 69. Ba4 Bc3 70. Bb5 Bb4 71. Ba4 Bc3 1/2-1/2


[Site "https://www.chess.com"]

[Event "Titled Tuesday Blitz June 13 Early 2023"]
[White "Agibileg, Uurtsaikh"]
[Black "Turzo, Attila"]
[WhiteFideId "4901606"]
[BlackFideId "704954"]
[WhiteElo "2353"]
[BlackElo "2527"]
[Result "1-0"]
[Round "10"]
[TimeControl "180+2"]
[Date "2023.06.13"]
[WhiteClock "0:00:56"]
[BlackClock "0:00:06"]
[Board "37"]

1. d4 Nf6 2. c4 g6 3. Nc3 Bg7 4. e4 d6 5. Be2 O-O 6. Nf3 e5 7. O-O Nc6 8. d5 Ne7 9. Nd2 a5 10. a3 Nd7 11. Rb1 f5 12. b4 Kh8 13. Qc2 Ng8 14. Nb5 Ngf6 15. Bd3 f4 16. f3 g5 17. Be2 h5 18. c5 Ne8 19. Bb2 Ndf6 20. Rfc1 Rf7 21. Nc4 Bf8 22. cxd6 cxd6 23. bxa5 g4 24. Nb6 g3 25. Nxa8 Nxe4 26. h3 Bxh3 27. gxh3 Qh4 28. Bf1 Nf2 29. Qc8 Kg7 30. Qxe8 Nxh3+ 31. Bxh3 Qxh3 32. Rc2 Qf5 33. Rbc1 Qd3 34. Kg2 h4 35. Qe6 Be7 36. Nac7 Kf8 37. Qc8+ Kg7 38. Qg4+ Kf8 39. Ne6+ Ke8 40. Rc8+ 1-0


[Site "https://www.chess.com"]

[Event "Titled Tuesday Blitz June 13 Early 2023"]
[White "Gharibyan, Mamikon"]
[Black "Belov, Alexei"]
[WhiteFideId "13308300"]
[BlackFideId "4128206"]
[WhiteElo "2445"]
[BlackElo "2630"]
[Result "0-1"]
[Round "10"]
[TimeControl "180+2"]
[Date "2023.06.13"]
[WhiteClock "0:00:08"]
[BlackClock "0:00:53"]
[Board "38"]

1. e4 e6 2. d4 d5 3. exd5 exd5 4. Bd3 Nf6 5. h3 c5 6. Qe2+ Be6 7. Nf3 Nc6 8. O-O Be7 9. c3 O-O 10. Bg5 Re8 11. Re1 cxd4 12. cxd4 h6 13. Bh4 Ne4 14. Bxe7 Rxe7 15. Bxe4 dxe4 16. Qxe4 Bd5 17. Qd3 Bxf3 18. Rxe7 Qxe7 19. gxf3 Qe1+ 20. Qf1 Qb4 21. Nc3 Nxd4 22. Qd3 Rd8 23. Rd1 Qxb2 24. Qe3 Rd6 25. Kh2 Nf5 26. Qe8+ Kh7 27. Qe4 Qxf2+ 28. Kh1 g6 29. Rxd6 Ng3# 0-1


[Site "https://www.chess.com"]

[Event "Titled Tuesday Blitz June 13 Early 2023"]
[White "Kosakowski, Jakub"]
[Black "Fiorito, Joaquin"]
[WhiteFideId "1185080"]
[BlackFideId "180173"]
[WhiteElo "2488"]
[BlackElo "2199"]
[Result "1-0"]
[Round "10"]
[TimeControl "180+2"]
[Date "2023.06.13"]
[WhiteClock "0:00:59"]
[BlackClock "0:00:00"]
[Board "39"]

1. e4 c5 2. Nf3 d6 3. d4 cxd4 4. Nxd4 Nf6 5. Nc3 a6 6. h4 e5 7. Nb3 Be7 8. Bg5 Be6 9. Bxf6 Bxf6 10. g3 Nd7 11. Qxd6 Rc8 12. O-O-O Be7 13. Qd2 Bb4 14. Bh3 Bxc3 15. bxc3 Bxh3 16. Rxh3 Qe7 17. g4 Nb6 18. Qd6 Nc4 19. Qb4 b5 20. Rhd3 Qxh4 21. Rd7 Qg5+ 22. Kb1 h5 23. Ra7 h4 24. Rxa6 h3 25. Qxb5+ Kf8 26. Rc6 Rxc6 27. Qxc6 Kg8 28. Qxc4 h2 29. Qc8+ Kh7 30. Qf5+ Qxf5 31. gxf5 Kh6 32. Rh1 Kg5 33. Nd2 Kf4 34. Kc1 1-0


[Site "https://www.chess.com"]